 Dungeon Crawl Stone Soup version 0.22-a0-570-g58866f5 (webtiles) character file.

112 Amnesiac the Skirmisher (level 5, 0/43 HPs)
             Began as a Formicid Fighter on June 30, 2018.
             Succumbed to an adder's poison
             ... on level 4 of the Dungeon.
             The game lasted 00:03:11 (564 turns).

Amnesiac the Skirmisher (Formicid Fighter)           Turns: 564, Time: 00:03:11

Health: 0/43       AC:  6    Str: 24 (26) XL:     5   Next: 16%
Magic:  5/5        EV:  8    Int:  6 (8)  God:
Gold:   40         SH:  9    Dex:  8 (10) Spells: 4/4 levels left

rFire    . . .     SeeInvis +   a - +0 quarterstaff
rCold    . . .     Gourm    .   c - +0 shield
rNeg     . . .     Faith    .   b - +0 scale mail
rPois    .         Spirit   .   (helmet unavailable)
rElec    .         Reflect  .   (no cloak)
rCorr    .         Harm     .   (no gloves)
MR       .....                  (no boots)
Stlth    ..........             (no amulet)
HPRegen  0.14/turn              (no ring)
MPRegen  0.09/turn              (no ring)

@: mighty, lethally poisoned (0 -> -2), flying
A: permanent stasis, dig shafts and tunnels, four strong arms, antennae 3
a: Dig, Shaft Self


You were on level 4 of the Dungeon.
You were not hungry.

You visited 1 branch of the dungeon, and saw 4 of its levels.

You collected 40 gold pieces.

Inventory:

Hand Weapons
 a - a +0 quarterstaff (weapon)
 m - a +0 blowgun
Missiles
 n - 3 poisoned needles
Armour
 b - a +0 scale mail (worn)
 c - a +0 shield (worn)
Jewellery
 l - a cursed ring of teleportation {unknown}
Scrolls
 g - a scroll of teleportation {!r, unknown}
 i - a scroll of identify {!r, unknown}
Potions
 d - a potion of might {!q}
 e - a potion of haste {!q}
Comestibles
 f - 5 rations


   Skills:
 + Level 4.5 Fighting
 - Level 3.4 Staves
 - Level 3.2 Armour
 - Level 4.3 Shields


You had 4 spell levels left.
You didn't know any spells.
Your spell library was empty.

Dungeon Overview and Level Annotations

Branches:
Dungeon (4/15)
 Temple: D:4-7

Altars:


Innate Abilities, Weirdness & Mutations

You cannot be hasted, slowed, berserked, paralysed or teleported.
You can dig through walls and to a lower floor.
Your four strong arms can wield two-handed weapons with a shield.
You have a pair of large antennae on your head. (SInv)


Message History

You block the scorpion's attack. The orc hits you but does no damage.
Found a ration.
An adder comes into view.
The adder hisses angrily.
You block the adder's attack. The adder barely misses you.
Found a scroll labeled ZAACAH AWYST.
Really quaff
h - a grey potion {!q}?
It was a potion of flight {!q}.
You feel very buoyant.
You fly up into the air.
You block the adder's attack.
Really quaff
k - a metallic puce potion {!q}?
It was a potion of degeneration {!q}.
There was something very wrong with that liquid.
You feel weakened.
You feel dopey.
You feel clumsy. You block the adder's attack. x2
Really quaff
d - 2 potions of might {!q}?
You feel very mighty all of a sudden. The adder bites you but does no damage.
You miss the adder. The adder barely misses you.
You closely miss the adder. You block the adder's attack. x2
You closely miss the adder. You block the adder's attack. The adder bites you.
* * * LOW HITPOINT WARNING * * *
You hit the adder.
The adder is lightly wounded.
The adder bites you.
* * * LOW HITPOINT WARNING * * *
You are poisoned.
The adder poisons you!
You hit the adder.
The adder is heavily wounded.
You feel sick. You block the adder's attack.
The adder bites you but does no damage.
You closely miss the adder.
The adder is heavily wounded.
You feel sick. You block the adder's attack. The adder bites you.
* * * LOW HITPOINT WARNING * * *
You closely miss the adder.
The adder is heavily wounded.
The adder bites you.
* * * LOW HITPOINT WARNING * * *
You miss the adder.
The adder is heavily wounded.
* * * LOW HITPOINT WARNING * * *
You feel sick. You block the adder's attack.
The adder bites you but does no damage.
You thump the adder!
You kill the adder!
You sock the scorpion!
The scorpion is moderately wounded.
* * * LOW HITPOINT WARNING * * *
You feel sick.
The scorpion stings you but does no damage.
You sock the scorpion!
The scorpion is almost dead.
You block the scorpion's attack.
You sock the scorpion!
You kill the scorpion!
You feel your strength returning.
You feel your intelligence returning.
Your Fighting skill increases to level 4!
You have reached level 5!
You sock the orc!
You kill the orc!
You die...

. ##########....
#...w†@.......
##.#######.?..
####......### #
..........#w..#
##........###.##
#........# #.w#
### #........#
##.##..#
##.......#
#.#...#
#.......# #...#


You could see a worm.

Vanquished Creatures
  A scorpion (D:4)
  3 adders
  A dart slug (D:1)
  5 leopard geckos
  3 orcs
  2 giant cockroaches
  A hobgoblin (D:1)
  2 quokkas
  A goblin (D:1)
  2 kobolds
  5 rats
26 creatures vanquished.

Notes
Turn   | Place    | Note
-------+----------+-------------------------------------------
     0 | D:1      | Amnesiac the Formicid Fighter began the quest for the Orb.
     0 | D:1      | Reached XP level 1. HP: 18/18 MP: 1/1
   109 | D:1      | Reached XP level 2. HP: 23/24 MP: 2/2
   268 | D:2      | Reached XP level 3. HP: 29/29 MP: 3/3
   414 | D:4      | Noticed an ogre
   523 | D:3      | Reached XP level 4. HP: 8/35 MP: 4/4
   559 | D:4      | HP: 1/35 [poisoned by an adder]
   563 | D:4      | Reached XP level 5. HP: 1/43 MP: 5/5
   564 | D:4      | Succumbed to an adder's poison

Vault maps used:
D:1:      onia_arrival_larder, st_stairs_8
D:2:      lemuel_doored_altar, first_ration
D:3:      serial_glass, glass_columns_b, glass_columns_a, uniq_grinder
D:4:      gammafunk_wand_slinger, grunt_ministairs_2,
          kennysheep_generic_room_11, uniq_natasha

Skill      XL: |  1  2  3  4 |
---------------+-------------+-----
Shields        | 4 |  4.3
Staves         | 3 |  3.4
Fighting       | 4 |  4.5
Armour         | |  3.2

Action                   |  1- 3 |  4- 6 || total
-------------------------+-------+-------++-------
Melee: Quarterstaff      |    75 |    15 ||    90
 Abil: Dig               |     3 |       ||     3
  Use: Potion            |       |     4 ||     4
Armor: Scale mail        |    26 |     6 ||    32
Dodge: Dodged            |    22 |     3 ||    25
Block: Shield            |    27 |    15 ||    42

Table legend:
 A = Spawn XP
 B = Non-spawn XP
 C = Spawn XP percentage of total XP
 D = Spawn monster count
 E = Non-spawn monster count
 F = Spawn count percentage of total count
 G = Total turns spent on level
                    A         B        C        D         E        F      G
               +---------+---------+-------+---------+---------+-------+---------
         Total |       0 |     160 |   0.0 |       0 |      26 |   0.0 |   564
               +---------+---------+-------+---------+---------+-------+---------
           D:1 |       0 |      17 |   0.0 |       0 |       9 |   0.0 |   279
           D:2 |       0 |      20 |   0.0 |       0 |       5 |   0.0 |   120
           D:3 |       0 |      33 |   0.0 |       0 |       9 |   0.0 |   126
           D:4 |       0 |      90 |   0.0 |       0 |       3 |   0.0 |    39
               +---------+---------+-------+---------+---------+-------+---------
